[Event "Titled Tuesday Blitz August 22 Early 2023"]
[White "Goncalves, Davi Sulzbacher"]
[Black "Harsh Suresh"]
[WhiteFideId "2154510"]
[BlackFideId "45018464"]
[WhiteElo "2471"]
[BlackElo "2876"]
[Result "0-1"]
[Round "1"]
[TimeControl "180+1"]
[Date "2023.08.22"]
[WhiteClock "0:00:01"]
[BlackClock "0:00:12"]
[Board "47"]

1. Nf3 g6 2. d4 Bg7 3. c4 c6 4. e4 d5 5. cxd5 cxd5 6. e5 Bg4 7. Qb3 Qc7 8. Nc3 Bxf3 9. gxf3 Nc6 10. Be3 Rd8 11. Nxd5 Qa5+ 12. Nc3 Nxd4 13. Bxd4 Rxd4 14. Bb5+ Kf8 15. O-O Bxe5 16. Rad1 Nf6 17. Rfe1 Rxd1 18. Rxd1 Bxc3 19. bxc3 Kg7 20. Bc4 Qg5+ 21. Kf1 Qf4 22. Bxf7 Qxf3 23. Bd5 Qf4 24. Qxb7 Re8 25. Bc6 Rf8 26. Bg2 Ng4 27. Qxe7+ Rf7 28. Qe2 Ne3+ 29. Ke1 Nxd1 30. Kxd1 Qxf2 31. c4 Qd4+ 32. Ke1 Qa1+ 33. Kd2 Qxa2+ 34. Kd3 Qxe2+ 35. Kxe2 Kf6 36. Bd5 Re7+ 37. Kd3 Ke5 38. Bg8 h6 39. Kc3 g5 40. c5 Re8 41. Kc4 Rxg8 0-1


[Site "https://www.chess.com"]

[Event "Titled Tuesday Blitz August 22 Early 2023"]
[White "Rustemov, Alexander"]
[Black "DeyanKostov"]
[WhiteFideId "4119002"]
[WhiteElo "2874"]
[BlackElo "2470"]
[Result "1/2-1/2"]
[Round "1"]
[TimeControl "180+1"]
[Date "2023.08.22"]
[WhiteClock "0:00:36"]
[BlackClock "0:00:28"]
[Board "48"]

1. d4 d5 2. c4 dxc4 3. Nf3 a6 4. e3 Bg4 5. Bxc4 e6 6. h3 Bh5 7. Nc3 Nf6 8. O-O Nc6 9. Re1 Bd6 10. g4 Bg6 11. e4 e5 12. dxe5 Nxe5 13. Nxe5 Bxe5 14. Qxd8+ Rxd8 15. f4 Bd4+ 16. Kg2 Bxc3 17. bxc3 Bxe4+ 18. Kf2 O-O 19. g5 Bd5 20. gxf6 Bxc4 21. Be3 g6 22. Bd4 Be6 23. h4 h5 24. a4 Rd5 25. a5 c5 26. Be5 Rfd8 27. Rab1 R8d7 28. Rb6 Rd2+ 29. Re2 Rxe2+ 30. Kxe2 Bc4+ 31. Ke3 Bb5 32. Bd6 Bc6 33. Bxc5 Rd5 34. Bb4 Rf5 35. Be7 Rxa5 36. Rb2 Rd5 37. c4 Rd7 38. c5 a5 39. Bd6 a4 40. Kd4 Rd8 41. Kc3 Re8 42. Be7 Ra8 43. Kb4 Rc8 44. Rd2 Ra8 45. Ka3 Rc8 46. Bd8 Ra8 47. Be7 Rc8 48. Bd6 Re8 49. Be7 Rc8 1/2-1/2


[Site "https://www.chess.com"]

[Event "Titled Tuesday Blitz August 22 Early 2023"]
[White "Yeritsyan, Hayk"]
[Black "Yeletsky, Ivan"]
[WhiteFideId "13307320"]
[BlackFideId "24180327"]
[WhiteElo "2470"]
[BlackElo "2873"]
[Result "0-1"]
[Round "1"]
[TimeControl "180+1"]
[Date "2023.08.22"]
[WhiteClock "0:00:00"]
[BlackClock "0:00:18"]
[Board "49"]

1. d4 Nf6 2. c4 Nc6 3. Nf3 e6 4. g3 Bb4+ 5. Nc3 Ne4 6. Qc2 Nxc3 7. bxc3 Be7 8. Bg2 O-O 9. O-O d6 10. e4 Na5 11. Qe2 b6 12. Be3 Ba6 13. Nd2 c5 14. d5 Bf6 15. Rac1 Re8 16. Qd3 Qd7 17. f4 exd5 18. Qxd5 Rad8 19. Rfe1 Qa4 20. Bf1 h6 21. g4 Bb7 22. Qd3 Bh4 23. Re2 Re7 24. Bf2 Bxf2+ 25. Rxf2 Rde8 26. Re1 Qd7 27. Rg2 Qe6 28. h4 Qf6 29. g5 Qxf4 30. gxh6 Qxh6 31. Re3 f5 32. Reg3 fxe4 33. Qe2 e3 34. Nf3 Rf8 35. Rg5 Bxf3 36. Qd3 Bxg2 37. Bxg2 e2 38. Bd5+ Kh8 39. Rg6 e1=Q+ 0-1


[Site "https://www.chess.com"]

[Event "Titled Tuesday Blitz August 22 Early 2023"]
[White "Galchenko, Matvey"]
[Black "Flynn, Jacob"]
[WhiteFideId "24175480"]
[BlackFideId "2509393"]
[WhiteElo "2863"]
[BlackElo "2469"]
[Result "1-0"]
[Round "1"]
[TimeControl "180+1"]
[Date "2023.08.22"]
[WhiteClock "0:01:39"]
[BlackClock "0:00:53"]
[Board "50"]

1. f4 d5 2. Nf3 g6 3. g3 Bg7 4. Bg2 Nf6 5. O-O O-O 6. d3 c5 7. Nc3 Nc6 8. e4 dxe4 9. dxe4 Nd4 10. e5 Ne8 11. Be3 Nxf3+ 12. Qxf3 Qa5 13. Ne4 Bf5 14. Nxc5 Bxc2 15. Qxb7 Nc7 16. b4 Qb6 17. Qxb6 axb6 18. Nd7 Rfd8 19. Nxb6 Ra3 20. Bc5 Bf8 21. Rfc1 Bf5 22. Bf2 Nb5 23. Nc4 Ra4 24. Bc6 Rxb4 25. Bc5 Rxc4 26. Rxc4 Na3 27. Bxa3 1-0


[Site "https://www.chess.com"]

[Event "Titled Tuesday Blitz August 22 Early 2023"]
[White "Hirneise, Jens"]
[Black "Durarbayli, Vasif"]
[WhiteFideId "24614734"]
[BlackFideId "13402935"]
[WhiteElo "2468"]
[BlackElo "2862"]
[Result "0-1"]
[Round "1"]
[TimeControl "180+1"]
[Date "2023.08.22"]
[WhiteClock "0:00:03"]
[BlackClock "0:00:44"]
[Board "51"]

1. c4 g6 2. d4 Bg7 3. Nf3 Nf6 4. g3 O-O 5. Bg2 c5 6. O-O d6 7. dxc5 dxc5 8. Nc3 Nc6 9. Be3 Qa5 10. Qa4 Nd7 11. Qxa5 Nxa5 12. Nd5 Nxc4 13. Nxe7+ Kh8 14. Rac1 Nxe3 15. fxe3 Bxb2 16. Rc2 Bf6 17. Nd5 Bg7 18. Rb1 Rb8 19. Kf2 b6 20. h3 Bb7 21. Nd2 Bh6 22. Nf4 Rfe8 23. Bxb7 Rxb7 24. Nc4 Rbb8 25. Nd6 Rf8 26. Rd1 Nf6 27. Kf3 Kg8 28. e4 Nd7 29. Nc4 Nf6 30. e5 Bxf4 31. gxf4 Nh5 32. Rcd2 b5 33. Na5 Rb6 34. Rd6 Ng7 35. Nc6 Nf5 36. Rf6 Kg7 37. Nxa7 Rb7 38. Nc6 Ra8 39. Rd2 Ra3+ 40. Kg2 b4 41. e4 Nh4+ 42. Kf2 c4 43. Nd8 Rba7 44. Rb6 c3 45. Rc2 Rxa2 46. Rxa2 Rxa2+ 47. Ke3 Ng2+ 48. Kd3 Nxf4+ 49. Ke3 c2 50. Rc6 b3 51. Kxf4 b2 0-1


[Site "https://www.chess.com"]

[Event "Titled Tuesday Blitz August 22 Early 2023"]
[White "Cordova, Emilio"]
[Black "KrokerGuy"]
[WhiteFideId "3801497"]
[WhiteElo "2862"]
[BlackElo "2467"]
[Result "1-0"]
[Round "1"]
[TimeControl "180+1"]
[Date "2023.08.22"]
[WhiteClock "0:02:29"]
[BlackClock "0:00:01"]
[Board "52"]

1. Nf3 Nf6 2. e3 d5 3. c4 e6 4. Nc3 Be7 5. b3 O-O 6. Bb2 b6 7. cxd5 Nxd5 8. Qc2 Bf6 9. Rd1 Bb7 10. h4 c5 11. Ng5 g6 12. f4 Nc6 13. Nce4 Ncb4 14. Qb1 Bxb2 15. Qxb2 h6 16. a3 Nc6 17. Bc4 Nce7 18. h5 hxg5 19. fxg5 f6 20. gxf6 Nf5 21. hxg6 Nxf6 22. Bxe6+ Kg7 23. Bxf5 Bxe4 24. Rh7+ Kg8 25. Be6+ Rf7 26. Bxf7+ 1-0


[Site "https://www.chess.com"]

[Event "Titled Tuesday Blitz August 22 Early 2023"]
[White "Carroll, Thomas"]
[Black "Lenderman, Aleksandr"]
[WhiteFideId "450111"]
[BlackFideId "2021285"]
[WhiteElo "2466"]
[BlackElo "2858"]
[Result "0-1"]
[Round "1"]
[TimeControl "180+1"]
[Date "2023.08.22"]
[WhiteClock "0:00:12"]
[BlackClock "0:01:51"]
[Board "53"]

1. c4 e6 2. g3 d5 3. Bg2 Nf6 4. Nf3 Be7 5. O-O O-O 6. b3 b6 7. Bb2 Bb7 8. d4 Nbd7 9. Nbd2 c5 10. Ne5 cxd4 11. Bxd4 Nxe5 12. Bxe5 Nd7 13. Bb2 Bf6 14. Qc2 Bxb2 15. Qxb2 Nf6 16. Rfd1 Qe7 17. Rac1 Rfd8 18. cxd5 Bxd5 19. Nc4 Bxg2 20. Kxg2 Qb7+ 21. Kg1 h6 22. Qc2 Rac8 23. Rxd8+ Rxd8 24. Rd1 Rd5 25. Rxd5 Qxd5 26. Qd2 Qxd2 27. Nxd2 Nd5 28. Kf1 Nb4 29. a3 Nc2 30. a4 Kf8 31. e3 Ke7 32. Ke2 Nb4 33. Nc4 f6 34. Kd2 Kd7 35. Kc3 Nd5+ 36. Kd4 Kc6 37. f4 Nb4 38. e4 a6 39. g4 Nc2+ 40. Kd3 Ne1+ 41. Ke2 Ng2 42. Kf3 Nh4+ 43. Ke3 Kc5 44. e5 f5 45. gxf5 Nxf5+ 46. Ke4 b5 47. axb5 axb5 48. Nd2 Kb4 49. Kd3 Ne7 50. Kc2 Nd5 51. f5 Ne3+ 52. Kd3 Nxf5 53. Ke4 g5 54. Kf3 h5 55. Ke4 Kc3 56. Nf3 g4 57. Ng5 Ng7 58. Kf4 Kxb3 59. Nf7 b4 60. Kg5 Kc3 61. Kg6 h4 62. Kxg7 g3 63. hxg3 hxg3 64. Ng5 g2 65. Nf3 b3 66. Kf6 b2 67. Kxe6 b1=Q 68. Kd7 Qd3+ 69. Ke8 Qxf3 0-1


[Site "https://www.chess.com"]

[Event "Titled Tuesday Blitz August 22 Early 2023"]
[White "Molina, Roberto Junio Brito"]
[Black "Serban, Cristian-Stefan"]
[WhiteFideId "2109450"]
[BlackFideId "1241443"]
[WhiteElo "2858"]
[BlackElo "2465"]
[Result "1-0"]
[Round "1"]
[TimeControl "180+1"]
[Date "2023.08.22"]
[WhiteClock "0:01:48"]
[BlackClock "0:00:00"]
[Board "54"]

1. d4 Nf6 2. Nf3 g6 3. e3 Bg7 4. Be2 O-O 5. O-O d5 6. b4 a5 7. b5 c6 8. bxc6 bxc6 9. a4 Ba6 10. Ba3 Nfd7 11. Nbd2 Re8 12. c4 e5 13. dxe5 Nxe5 14. Nxe5 Bxe5 15. Rc1 d4 16. Nf3 Nd7 17. Nxe5 Nxe5 18. exd4 Nd7 19. Bf3 Qc7 20. Re1 Rxe1+ 21. Qxe1 Rd8 22. Qe7 Bb7 23. h4 h5 24. d5 cxd5 25. cxd5 Qb8 26. Rb1 1-0


[Site "https://www.chess.com"]

[Event "Titled Tuesday Blitz August 22 Early 2023"]
[White "Ljukin, Sergei"]
[Black "Mekhitarian, Krikor Sevag"]
[WhiteFideId "14102200"]
[BlackFideId "2107660"]
[WhiteElo "2465"]
[BlackElo "2856"]
[Result "0-1"]
[Round "1"]
[TimeControl "180+1"]
[Date "2023.08.22"]
[WhiteClock "0:00:31"]
[BlackClock "0:00:05"]
[Board "55"]

1. e4 e6 2. d4 d5 3. Nc3 Nf6 4. Bg5 dxe4 5. Nxe4 Be7 6. Bxf6 gxf6 7. Nf3 f5 8. Nc3 a6 9. g3 b5 10. Bg2 Bb7 11. O-O O-O 12. a4 b4 13. Na2 c5 14. c3 a5 15. Nc1 Nd7 16. Nd3 Rc8 17. dxc5 Nxc5 18. Nde5 Qxd1 19. Rfxd1 Nb3 20. Rab1 Be4 21. Nd3 bxc3 22. bxc3 Rxc3 23. Nfe5 Bf6 24. Nd7 Bxd3 25. Nxf8 Kxf8 26. Rb2 Kg7 27. Bf1 Bxf1 28. Kxf1 Rxg3 29. hxg3 Bxb2 30. Ke1 Bc3+ 31. Ke2 Nc5 32. Rc1 Bb4 33. Ra1 h5 34. f4 Kg6 35. Kf3 f6 36. Ra2 e5 37. Ke3 Kf7 38. Kf3 Ke6 39. Ke3 Kd5 40. Rh2 Nxa4 41. Rxh5 Ke6 42. fxe5 fxe5 43. Rh6+ Kd5 44. Rf6 Bc5+ 45. Kf3 Nc3 46. Rxf5 a4 47. Rf6 Bd6 48. Rf7 a3 49. Ra7 a2 50. g4 Be7 51. Ke3 Bc5+ 52. Kd3 Bxa7 53. Kxc3 a1=Q+ 0-1


[Site "https://www.chess.com"]

[Event "Titled Tuesday Blitz August 22 Early 2023"]
[White "Elsa167"]
[Black "Wernberg, Hugo"]
[BlackFideId "1737511"]
[WhiteElo "2855"]
[BlackElo "2464"]
[Result "1-0"]
[Round "1"]
[TimeControl "180+1"]
[Date "2023.08.22"]
[WhiteClock "0:00:12"]
[BlackClock "0:00:01"]
[Board "56"]

1. d4 d5 2. c4 e6 3. Nf3 a6 4. cxd5 exd5 5. Nc3 c6 6. Bg5 Be7 7. Bxe7 Qxe7 8. e3 Nf6 9. Bd3 O-O 10. Qc2 Bg4 11. Ne5 Bh5 12. f4 Ng4 13. Bxh7+ Kh8 14. Qf5 g6 15. Qd3 Kxh7 16. O-O f6 17. h3 fxe5 18. hxg4 Bxg4 19. dxe5 Nd7 20. e4 Qc5+ 21. Kh2 d4 22. Na4 Qb4 23. Kg3 Be6 24. a3 Qxa4 25. f5 Qb3 26. Qxb3 Bxb3 27. e6 Ne5 28. e7 Rf7 29. f6 c5 30. Kf4 Nc6 31. Kg5 d3 32. Rh1+ Kg8 33. Rh6 d2 34. Rah1 Rh7 35. Rxh7 d1=Q 36. Rg7# 1-0


[Site "https://www.chess.com"]

[Event "Titled Tuesday Blitz August 22 Early 2023"]
[White "Perera Alfonso, Rene Humberto"]
[Black "Hambleton, Aman"]
[WhiteFideId "3514722"]
[BlackFideId "2606577"]
[WhiteElo "2462"]
[BlackElo "2854"]
[Result "0-1"]
[Round "1"]
[TimeControl "180+1"]
[Date "2023.08.22"]
[WhiteClock "0:00:00"]
[BlackClock "0:00:30"]
[Board "57"]

1. e4 c5 2. Nf3 e6 3. d4 cxd4 4. Nxd4 Nc6 5. Nc3 Qc7 6. g3 a6 7. Bg2 Nf6 8. Nb3 b5 9. O-O Bb7 10. f4 d6 11. g4 h6 12. a3 Be7 13. g5 hxg5 14. fxg5 Nd7 15. g6 Bf6 0-1


[Site "https://www.chess.com"]

[Event "Titled Tuesday Blitz August 22 Early 2023"]
[White "Ibrahimli, Murad"]
[Black "dodoucb"]
[WhiteFideId "13410229"]
[WhiteElo "2852"]
[BlackElo "2461"]
[Result "1-0"]
[Round "1"]
[TimeControl "180+1"]
[Date "2023.08.22"]
[WhiteClock "0:00:57"]
[BlackClock "0:00:00"]
[Board "58"]

1. e4 c6 2. Nc3 d5 3. Nf3 Bg4 4. h3 Bxf3 5. Qxf3 Nf6 6. d3 e6 7. Bd2 d4 8. Nb1 c5 9. g3 Nc6 10. Bg2 Rc8 11. O-O Be7 12. a4 c4 13. Qe2 cxd3 14. cxd3 Qb6 15. Na3 O-O 16. Nc4 Qb3 17. Rfc1 Nd7 18. f4 e5 19. h4 Rcd8 20. h5 h6 21. Bh3 a6 22. Bxd7 Rxd7 23. fxe5 b5 24. axb5 axb5 25. Nb6 Nxe5 26. Nxd7 Nxd7 27. Bf4 Re8 28. Qc2 Qe6 29. Kg2 Qg4 30. Qd1 Qe6 31. Ra7 Bf6 32. Rcc7 Rd8 33. Qc2 Qg4 34. Kf2 Qxh5 35. Kg2 Kh7 36. Rxd7 Rc8 37. Rdc7 1-0


[Site "https://www.chess.com"]

[Event "Titled Tuesday Blitz August 22 Early 2023"]
[White "Liu, Casper"]
[Black "Maksimovic, Bojan"]
[WhiteFideId "1454153"]
[BlackFideId "14408120"]
[WhiteElo "2460"]
[BlackElo "2851"]
[Result "0-1"]
[Round "1"]
[TimeControl "180+1"]
[Date "2023.08.22"]
[WhiteClock "0:00:13"]
[BlackClock "0:00:20"]
[Board "59"]

1. e4 g6 2. h4 Nf6 3. Nc3 d5 4. exd5 Nxd5 5. Bc4 Nxc3 6. dxc3 Qxd1+ 7. Kxd1 Nd7 8. Nf3 h6 9. Bf4 c6 10. Re1 Nb6 11. Bb3 Bg4 12. Ke2 e6 13. Rad1 Rd8 14. Be5 Rg8 15. a4 Be7 16. a5 Nd7 17. Bc7 Rc8 18. Bg3 Nc5 19. Rd4 h5 20. Red1 Nxb3 21. cxb3 Rd8 22. a6 bxa6 23. b4 f6 24. Rxd8+ Bxd8 25. Rd6 e5 26. Kd3 Bd7 27. Nd2 Be7 28. Nc4 Bxd6 29. Nxd6+ Ke7 30. Ne4 Bf5 31. f3 Rd8+ 32. Ke3 Bxe4 33. fxe4 Rd1 34. Bf2 Rb1 35. Kf3 Rxb2 36. Bxa7 Ke6 37. Bf2 Rb1 38. Ke2 Rc1 39. Kd2 Rh1 40. Ke2 Ra1 41. Kd2 a5 42. bxa5 Rxa5 43. Ke2 Ra4 44. Kd3 f5 45. exf5+ Kxf5 46. Be3 Rxh4 0-1


[Site "https://www.chess.com"]

[Event "Titled Tuesday Blitz August 22 Early 2023"]
[White "Kravtsiv, Martyn"]
[Black "Derichs, Roger"]
[WhiteFideId "14113147"]
[BlackFideId "4630076"]
[WhiteElo "2848"]
[BlackElo "2460"]
[Result "1-0"]
[Round "1"]
[TimeControl "180+1"]
[Date "2023.08.22"]
[WhiteClock "0:01:40"]
[BlackClock "0:01:26"]
[Board "60"]

1. e4 d6 2. d4 Nf6 3. Nc3 e5 4. Nf3 Nbd7 5. Bc4 Be7 6. a4 O-O 7. O-O a5 8. Re1 c6 9. h3 exd4 10. Nxd4 Nc5 11. Qf3 Be6 12. Bf1 Qd7 13. b3 h6 14. Ba3 Nh7 15. Rad1 Na6 16. Bxa6 Rxa6 17. Nxe6 fxe6 18. Qg3 d5 19. Bxe7 Qxe7 20. exd5 cxd5 21. Nxd5 Qf7 22. Ne3 Rc6 23. Nc4 Rc5 24. Ne5 Qf5 25. Nd7 1-0


[Site "https://www.chess.com"]

[Event "Titled Tuesday Blitz August 22 Early 2023"]
[White "Maus7"]
[Black "Bacrot, Etienne"]
[BlackFideId "605506"]
[WhiteElo "2460"]
[BlackElo "2845"]
[Result "0-1"]
[Round "1"]
[TimeControl "180+1"]
[Date "2023.08.22"]
[WhiteClock "0:00:01"]
[BlackClock "0:00:09"]
[Board "61"]

1. e4 c5 2. Nf3 d6 3. d4 cxd4 4. Nxd4 Nf6 5. Nc3 Nc6 6. Bg5 e6 7. Qd3 a6 8. Nxc6 bxc6 9. O-O-O Qa5 10. Qg3 Be7 11. h4 Rb8 12. Bc4 Nh5 13. Qg4 Nf6 14. Qg3 h6 15. Bd2 Nh5 16. Qf3 Qe5 17. Bb3 Nf6 18. Bf4 Qc5 19. Na4 Qb4 20. a3 Qxe4 21. Bxd6 Qxf3 22. gxf3 Rb5 23. Bc4 Rf5 24. Nb6 Bb7 25. Be2 Nd5 26. Bxe7 Kxe7 27. Nc4 Nf4 28. Ne3 Nxe2+ 29. Kd2 Nd4 30. Nxf5+ Nxf5 31. Kc3 c5 32. Rh3 Rc8 33. f4 h5 34. Rhd3 Bd5 35. R3d2 Kf6 36. b3 c4 37. b4 Nxh4 38. a4 Ng6 39. Rd4 h4 40. b5 axb5 41. axb5 h3 42. Kb4 h2 43. Rxd5 exd5 44. Rh1 Rh8 45. b6 Nxf4 46. Kc5 Ne6+ 47. Kd6 c3 48. Kxd5 Rb8 49. Kc6 Rc8+ 50. Kb5 Rc5+ 51. Ka6 Rh5 52. b7 Nc5+ 53. Kb6 Nxb7 54. Kxb7 Kf5 55. Kc6 Kf4 0-1


[Site "https://www.chess.com"]

[Event "Titled Tuesday Blitz August 22 Early 2023"]
[White "Bernadskiy, Vitaliy"]
[Black "NLLO777"]
[WhiteFideId "14100371"]
[WhiteElo "2844"]
[BlackElo "2460"]
[Result "1-0"]
[Round "1"]
[TimeControl "180+1"]
[Date "2023.08.22"]
[WhiteClock "0:00:17"]
[BlackClock "0:00:02"]
[Board "62"]

1. d3 Nf6 2. Nf3 d5 3. g3 g6 4. Bg2 Bg7 5. O-O O-O 6. Nc3 b6 7. Ne5 Bb7 8. e4 e6 9. Qe2 c5 10. Re1 Nc6 11. Nxc6 Bxc6 12. Bf4 Rc8 13. Be5 d4 14. Nb1 b5 15. Nd2 Qb6 16. h4 Rfd8 17. g4 Nd7 18. Bg3 Qa6 19. b3 Qa3 20. g5 a5 21. h5 a4 22. Bh3 Ra8 23. Nf3 axb3 24. cxb3 c4 25. hxg6 hxg6 26. dxc4 d3 27. Qxd3 Bxa1 28. Rxa1 Nc5 29. Qe3 bxc4 30. Ne5 Bxe4 31. Ng4 Rd3 32. Qf4 Rf3 33. Qe5 cxb3 34. Nf6+ Rxf6 35. Qxf6 b2 36. Be5 bxa1=Q+ 37. Bxa1 Kf8 38. Bg4 Qc1+ 39. Kh2 Qc4 40. Be5 Qd3 41. Qh8+ Ke7 42. Bf6+ Kd6 43. Be5+ Kd5 44. Qf6 Kc4 45. Qxf7 Qd2 46. Kg3 Rxa2 47. Bxe6+ Nxe6 48. Qxe6+ Kd3 49. Qb3+ Ke2 50. Qc4+ Ke1 51. Qxe4+ Qe2 52. Qh1+ Kd2 53. Bf4+ Kd3 54. Qd5+ Kc3 55. Be5+ Kb4 56. Qd4+ Kb3 57. Bf4 Rc2 58. Qd5+ Qc4 59. Qf3+ Rc3 60. Be3 Qc6 61. Qf7+ Ka4 62. Qf6 Kb5 63. Qe5+ Ka6 64. Qd4 Kb7 65. Qa7+ Kc8 66. Qe7 Rc4 67. Qf8+ Kb7 68. Qe7+ Ka6 69. Qa3+ Kb5 70. Qb3+ Rb4 71. Qd3+ Qc4 72. Qd6 Qg4+ 73. Kh2 Qh4+ 74. Kg2 Rg4+ 75. Kf3 Qh5 76. Qd7+ Ka6 77. Qxg4 Qh1+ 78. Qg2 Qh5+ 79. Kg3 Kb5 80. Qb7+ Kc4 81. Qc6+ Kd3 82. Qd5+ Kc2 83. Qe4+ Kb3 84. Qf3 Qh7 85. Bf4+ Kc4 86. Qe4+ Kc5 87. Be3+ Kd6 88. Qf4+ Kd5 89. Qh4 Qf7 90. Qf4 Qh7 91. Qf3+ Kc4 92. Qe4+ Kc3 93. Bf4 Qh5 94. Qf3+ Qxf3+ 95. Kxf3 Kd4 96. Be3+ Ke5 97. Kg4 Ke4 98. f4 Kxe3 99. f5 gxf5+ 100. Kxf5 1-0


[Site "https://www.chess.com"]

[Event "Titled Tuesday Blitz August 22 Early 2023"]
[White "Escudero Donoso, Felipe"]
[Black "Bachmann, Axel"]
[WhiteFideId "3410595"]
[BlackFideId "3700488"]
[WhiteElo "2455"]
[BlackElo "2844"]
[Result "0-1"]
[Round "1"]
[TimeControl "180+1"]
[Date "2023.08.22"]
[WhiteClock "0:00:41"]
[BlackClock "0:01:13"]
[Board "63"]

1. d4 Nf6 2. c4 c5 3. Nf3 cxd4 4. Nxd4 e5 5. Nc2 d5 6. cxd5 Qxd5 7. Qxd5 Nxd5 8. g3 Be6 9. Bg2 Nc6 10. O-O O-O-O 11. Nd2 Kb8 12. a3 f6 13. b4 Nc3 14. Re1 Bf5 15. Ne3 Bg6 16. Nb3 Bf7 17. Nd2 Nd4 18. Kf1 Na4 19. Nf3 Nb3 20. Rb1 g6 21. Rd1 Bh6 22. Ke1 Rxd1+ 23. Kxd1 Nc3+ 24. Kc2 Nxb1 25. Kxb1 Nxc1 26. Kxc1 Rc8+ 27. Kb2 Bxe3 28. fxe3 Bd5 29. Bh3 Rd8 30. Nd2 Bg2 0-1


[Site "https://www.chess.com"]

[Event "Titled Tuesday Blitz August 22 Early 2023"]
[White "Timofeev, Artyom"]
[Black "Herman, Daniel"]
[WhiteFideId "4140419"]
[BlackFideId "30935008"]
[WhiteElo "2843"]
[BlackElo "2455"]
[Result "1-0"]
[Round "1"]
[TimeControl "180+1"]
[Date "2023.08.22"]
[WhiteClock "0:01:28"]
[BlackClock "0:00:00"]
[Board "64"]

1. c4 g6 2. Nc3 Bg7 3. g3 Nf6 4. Bg2 O-O 5. e3 e5 6. Nge2 c6 7. O-O d5 8. cxd5 cxd5 9. d4 e4 10. h3 Nc6 11. Nf4 g5 12. Nh5 Nxh5 13. Qxh5 f5 14. f3 Be6 15. fxe4 fxe4 16. Bd2 Qe7 17. a3 h6 18. b4 a6 19. Kh2 Bf7 20. Qe2 Rad8 21. b5 axb5 22. Nxb5 Rc8 23. Rab1 h5 24. a4 h4 25. gxh4 gxh4 26. Bc1 Qg5 27. Qg4 Qxg4 28. hxg4 Be6 29. Kh3 Rxf1 30. Bxf1 Rf8 31. Bg2 Na5 32. Nc7 Bf7 33. Rb5 Nc4 34. Nxd5 Bxd5 35. Rxd5 Re8 36. Rc5 Nd6 37. Ba3 Nf7 38. Kxh4 Bf6+ 39. Kg3 Bg5 40. Rc3 Re6 41. Rb3 Nd6 42. Bxd6 Rxd6 43. Bxe4 Kg7 44. Bxb7 Kf6 45. a5 1-0


[Site "https://www.chess.com"]

[Event "Titled Tuesday Blitz August 22 Early 2023"]
[White "Rosh Jain"]
[Black "Piorun, Kacper"]
[WhiteFideId "25789465"]
[BlackFideId "1130420"]
[WhiteElo "2455"]
[BlackElo "2840"]
[Result "0-1"]
[Round "1"]
[TimeControl "180+1"]
[Date "2023.08.22"]
[WhiteClock "0:00:00"]
[BlackClock "0:00:31"]
[Board "65"]

1. e4 e6 2. d4 d5 3. Nc3 Bb4 4. exd5 exd5 5. Bd3 Nc6 6. Ne2 Nge7 7. O-O Bf5 8. a3 Bxc3 9. bxc3 Qd7 10. Bf4 O-O 11. Ng3 Bg6 12. Qf3 Na5 13. Rfe1 c6 14. Re2 Nc4 15. Rae1 Rae8 16. Bxc4 dxc4 17. Ne4 Nd5 18. Nc5 Rxe2 19. Rxe2 Qc8 20. g4 f5 21. Bd6 Rf6 22. Be5 fxg4 23. Qg2 Rf3 24. Ne4 Bxe4 25. Rxe4 h5 26. h3 Rxh3 27. Rf4 Nxf4 28. Bxf4 Rf3 29. Be5 Qf5 30. Qf1 Kh7 31. Qxc4 Rxf2 0-1


[Site "https://www.chess.com"]

[Event "Titled Tuesday Blitz August 22 Early 2023"]
[White "Zemlyanskii, Ivan"]
[Black "Sliwicki, Damian"]
[WhiteFideId "24249971"]
[BlackFideId "1127128"]
[WhiteElo "2839"]
[BlackElo "2455"]
[Result "1-0"]
[Round "1"]
[TimeControl "180+1"]
[Date "2023.08.22"]
[WhiteClock "0:01:56"]
[BlackClock "0:00:30"]
[Board "66"]

1. d4 Nf6 2. c4 e6 3. Bf4 d5 4. Nc3 c5 5. Nf3 Nc6 6. Nb5 Qa5+ 7. Nd2 cxd4 8. Nc7+ Kd8 9. Nxa8 e5 10. Bg5 Bf5 11. g3 dxc4 12. Bg2 c3 13. bxc3 dxc3 14. Nc4+ 1-0


[Site "https://www.chess.com"]

[Event "Titled Tuesday Blitz August 22 Early 2023"]
[White "Szyszylo, Rafal"]
[Black "Putnam, Liam"]
[WhiteFideId "1109626"]
[BlackFideId "30938279"]
[WhiteElo "2454"]
[BlackElo "2831"]
[Result "1/2-1/2"]
[Round "1"]
[TimeControl "180+1"]
[Date "2023.08.22"]
[WhiteClock "0:00:15"]
[BlackClock "0:00:40"]
[Board "67"]

1. e4 c5 2. Nc3 d6 3. f4 Nf6 4. Nf3 g6 5. Bb5+ Bd7 6. Bxd7+ Nbxd7 7. d3 Bg7 8. O-O O-O 9. Qe1 Rb8 10. Qh4 b5 11. f5 b4 12. Nd5 Nxd5 13. exd5 Nf6 14. Bh6 Nxd5 15. Ng5 Bd4+ 16. Kh1 Bf6 17. Bxf8 Bxg5 18. Qxg5 Qxf8 19. fxg6 Nf6 20. gxh7+ Kh8 21. Rae1 Re8 22. Rxf6 exf6 23. Qxf6+ Kxh7 24. Qh4+ Kg8 25. Qg5+ Kh8 26. Qf6+ Kh7 27. Qh4+ Kg6 28. Qg4+ Kh7 29. Qh4+ 1/2-1/2


[Site "https://www.chess.com"]

[Event "Titled Tuesday Blitz August 22 Early 2023"]
[White "Dvirnyy, Danyyil"]
[Black "Arencibia Monduy, Antonio"]
[WhiteFideId "817570"]
[BlackFideId "3507939"]
[WhiteElo "2830"]
[BlackElo "2453"]
[Result "1-0"]
[Round "1"]
[TimeControl "180+1"]
[Date "2023.08.22"]
[WhiteClock "0:01:35"]
[BlackClock "0:00:00"]
[Board "68"]

1. d4 Nf6 2. Nf3 e6 3. Bf4 b6 4. e3 Bb7 5. Be2 Be7 6. h3 O-O 7. O-O c5 8. c3 d5 9. a4 Nc6 10. Nbd2 Bd6 11. Bxd6 Qxd6 12. Qb3 Rac8 13. Qa3 Rfd8 14. Rfd1 e5 15. Nc4 dxc4 16. dxe5 Qe7 17. exf6 Qxf6 18. Bxc4 Ne5 19. Nxe5 Qxe5 20. Qb3 Qf6 21. Rxd8+ Rxd8 22. Rd1 Rxd1+ 23. Qxd1 Qe7 24. Bf1 g6 25. Qd2 Bc6 26. Bb5 Bxb5 27. axb5 h5 28. c4 Qe5 29. f4 Qe6 30. Qd3 Qf6 31. b3 Kg7 32. Kh2 Qb2 33. e4 h4 34. Qf3 Qd4 35. e5 Qb2 36. Qe3 Qb1 37. Qf2 Qxb3 38. Qxh4 Qxc4 39. Qf6+ Kg8 40. h4 Qe6 41. Qd8+ Kg7 42. Kg3 c4 43. Qc7 Qd5 44. Kh2 Qd4 45. e6 Qf6 46. Kg3 Qc3+ 47. Kg4 Qf6 48. Qxc4 Qxe6+ 49. Qxe6 fxe6 50. Kg5 Kf7 51. g4 Kg7 52. h5 gxh5 53. gxh5 Kf7 54. h6 Kg8 55. Kf6 1-0


[Site "https://www.chess.com"]

[Event "Titled Tuesday Blitz August 22 Early 2023"]
[White "SergioMoralesG"]
[Black "Paichadze, Luka"]
[BlackFideId "13602934"]
[WhiteElo "2451"]
[BlackElo "2825"]
[Result "0-1"]
[Round "1"]
[TimeControl "180+1"]
[Date "2023.08.22"]
[WhiteClock "0:00:55"]
[BlackClock "0:01:27"]
[Board "69"]

1. d4 Nf6 2. c4 e6 3. Nf3 Bb4+ 4. Nbd2 d5 5. Qa4+ Nc6 6. e3 O-O 7. a3 Be7 8. Bd3 a5 9. Qc2 a4 10. O-O Bd7 11. c5 Na5 12. Ne5 Be8 13. f4 g6 14. Qc3 b5 15. b3 axb3 16. Nxb3 Nc4 17. e4 Nxe5 18. fxe5 Nxe4 19. Bxe4 dxe4 20. Bh6 Bc6 21. Bxf8 Bxf8 22. Qe3 Qd5 23. Qf4 Qxb3 24. Qxf7+ Kh8 25. Qxc7 Qd5 26. Rf7 Qxd4+ 27. Kh1 Qxa1+ 28. Rf1 Qxf1# 0-1


[Site "https://www.chess.com"]